 Dungeon Crawl Stone Soup version 0.21.0-24-g2553a33 (webtiles) character file.

511 Mgcat the Chopper (level 6, -4/47 HPs)
             Began as a Demonspawn Fighter on Jan 19, 2018.
             Slain by a wyvern (11 damage)
             ... on level 5 of the Dungeon.
             The game lasted 00:10:34 (5314 turns).

Mgcat the Chopper (Demonspawn Fighter)              Turns: 5314, Time: 00:10:34

Health: -4/47      AC:  6    Str: 17    XL:     6   Next: 99%
Magic:  0/6        EV:  9    Int:  9    God:
Gold:   226        SH:  0    Dex: 20    Spells: 5/5 levels left

rFire    . . .     SeeInvis .   u - +4 quarterstaff (chaos)
rCold    . . .     Gourm    .   (shield currently unavailable)
rNeg     . . .     Faith    .   b - +0 scale mail
rPois    .         Spirit   +   (no helmet)
rElec    .         Reflect  .   (no cloak)
rCorr    .         Harm     .   (no gloves)
MR       .....                  (no boots)
Stlth    ++........             m - amulet of inaccuracy (curse)
HPRegen  0.15/turn              (no ring)
MPRegen  0.10/turn              (no ring)

@: no status effects
A: claws 1, thin skeletal structure 3, magic shield
a: no special abilities


You were on level 5 of the Dungeon.
You were not hungry.

You visited 1 branch of the dungeon, and saw 5 of its levels.

You collected 238 gold pieces.
You spent 12 gold pieces at shops.

Inventory:

Hand Weapons
 a - a +0 war axe
 g - a +2 short sword of venom
 o - a +0 war axe
 u - a +4 quarterstaff of chaos (weapon)
Armour
 b - a +0 scale mail (worn)
 c - a +0 shield
Jewellery
 m - a cursed amulet of inaccuracy (around neck)
Wands
 n - a wand of flame (5)
Scrolls
 h - 3 scrolls of identify
Potions
 d - a potion of heal wounds
 e - a potion of curing {unknown}
 i - 3 potions of degeneration
 k - a potion of brilliance {unknown}
 l - a potion of resistance {unknown}
 p - a potion of magic {unknown}
 r - a potion of flight {unknown}
Comestibles
 f - 7 rations


   Skills:
 - Level 3.0 Fighting
 + Level 7.0 Axes
 - Level 2.6 Armour
 - Level 2.6 Shields


You had 5 spell levels left.
You didn't know any spells.

Dungeon Overview and Level Annotations

Branches:
Dungeon (5/15)
 Temple: D:4-7

Altars:
Dithmenos
Zin

Shops:
D:4 !


Innate Abilities, Weirdness & Mutations

You have sharp fingernails.
You have an unnaturally thin skeletal structure. (Dex +6, Stealth++)
When hurt, damage is shared between your health and your magic reserves.


Message History

The phantom blinks!
You closely miss the wyvern. The wyvern misses you. The crimson imp hits you.
The wyvern bites you.
* * * LOW HITPOINT WARNING * * *
Your scale mail prevents you from hitting the wyvern.
The wyvern bites you!
* * * LOW HITPOINT WARNING * * *
The crimson imp hits you.
* * * LOW HITPOINT WARNING * * *
You closely miss the wyvern.
The wyvern bites you but does no damage.
The crimson imp hits you but does no damage.
The wyvern barely misses you. The crimson imp barely misses you.
The phantom blinks!
As you read the scroll of fog, it crumbles to dust.
The scroll dissolves into smoke.
The wyvern completely misses you. The wyvern barely misses you.
The crimson imp barely misses you. The wyvern closely misses you.
The crimson imp misses you.
The phantom blinks!
The wyvern bites you!
You die...

#############
##§l@.W#.....##
#§§5§.........#
#§§§§.........(.
#..§..§.......l.
#........(......
#...............
#...............
#...............
#
##...l........$#


You could see a phantom, a wyvern and a crimson imp.

Vanquished Creatures
  An ice beast (D:5)
  A scorpion (D:4)
  A bullfrog skeleton (D:4)
  A hound (D:4)
  Crazy Yiuf (D:4)
  Jessica (D:2)
  Ijyb (D:3)
  Terence (D:3)
  Natasha (D:3)
  Robin (D:2)
  4 adders
  A gnoll (D:1)
  3 worms
  A dart slug (D:3)
  3 leopard geckos
  9 orcs
  A ball python (D:1)
  12 bats
  3 giant cockroaches
  18 goblins
  17 hobgoblins
  8 frilled lizards
  11 kobolds
  6 rats
107 creatures vanquished.

Notes
Turn   | Place    | Note
-------+----------+-------------------------------------------
     0 | D:1      | Mgcat the Demonspawn Fighter began the quest for the Orb.
     0 | D:1      | Reached XP level 1. HP: 18/18 MP: 1/1
    60 | D:1      | Reached skill level 2 in Axes
   179 | D:1      | Gained mutation: You have a somewhat thin skeletal structure. (Dex +2, Stealth) [demonic ancestry]
   179 | D:1      | Reached XP level 2. HP: 16/24 MP: 2/2
   449 | D:1      | Reached skill level 3 in Axes
   600 | D:1      | Gained mutation: You have sharp fingernails. [demonic ancestry]
   600 | D:1      | Reached XP level 3. HP: 19/29 MP: 3/3
  1415 | D:2      | Found a shadowy altar of Dithmenos.
  1570 | D:2      | Noticed Robin
  1603 | D:2      | Gained mutation: You have a moderately thin skeletal structure. (Dex +4, Stealth+) [demonic ancestry]
  1603 | D:2      | Reached XP level 4. HP: 12/35 MP: 4/4
  1605 | D:2      | Reached skill level 4 in Axes
  1611 | D:2      | Killed Robin
  2428 | D:2      | Noticed Jessica
  2433 | D:2      | Killed Jessica
  2576 | D:2      | Gained mutation: When hurt, damage is shared between your health and your magic reserves. [demonic ancestry]
  2576 | D:2      | Reached XP level 5. HP: 39/41 MP: 5/5
  2795 | D:3      | Reached skill level 5 in Axes
  2862 | D:3      | Found a glowing silver altar of Zin.
  2890 | D:3      | Noticed Terence
  2903 | D:3      | Killed Terence
  3183 | D:3      | Noticed Ijyb
  3207 | D:3      | Killed Ijyb
  3550 | D:3      | Noticed Natasha
  3562 | D:3      | Killed Natasha
  3562 | D:3      | Gained mutation: You have an unnaturally thin skeletal structure. (Dex +6, Stealth++) [demonic ancestry]
  3562 | D:3      | Reached XP level 6. HP: 18/47 MP: 2/6
  3832 | D:4      | Reached skill level 6 in Axes
  4561 | D:4      | Found a runed door.
  4600 | D:4      | Found Fuepeg's Distillery.
  4603 | D:4      | Bought a potion of degeneration for 12 gold pieces
  4810 | D:4      | Noticed Crazy Yiuf
  4820 | D:4      | Killed Crazy Yiuf
  5164 | D:5      | Entered Level 5 of the Dungeon
  5168 | D:5      | Noticed an ice beast
  5168 | D:5      | Noticed a wyvern
  5183 | D:5      | Killed an ice beast
  5183 | D:5      | Reached skill level 7 in Axes
  5314 | D:5      | Slain by a wyvern

Skill      XL: |  1  2  3  4  5  6 |
---------------+-------------------+-----
Axes           | 2 3 4 5 7 |  7.0
Fighting       | |  3.0
Armour         | |  2.6
Shields        | |  2.6

Action                   |  1- 3 |  4- 6 || total
-------------------------+-------+-------++-------
Melee: War axe           |    75 |       ||    75
       Short sword       |    59 |   221 ||   280
       Quarterstaff      |       |    21 ||    21
  Use: Potion            |     1 |       ||     1
       Scroll            |       |     7 ||     7
 Stab: Petrified         |       |     5 ||     5
       Sleeping          |       |     1 ||     1
  Eat: Chunk             |     2 |     9 ||    11
       Ration            |       |     1 ||     1
Armor: Scale mail        |    58 |   117 ||   175
Dodge: Dodged            |    44 |    60 ||   104
Block: Shield            |    72 |   111 ||   183
